 Dungeon Crawl Stone Soup version 0.25-a0-246-g58704a1ebd (webtiles) character file.

Game seed: 15692878071545120499, levelgen mode: classic

104 Borgoz the Cutter (level 4, -7/28 HPs)
             Began as a Gargoyle Gladiator on Dec 4, 2019.
             Mangled by a two-headed ogre
             ... wielding a +0 giant club
              (12 damage)
             ... on level 4 of the Dungeon.
             The game lasted 00:02:38 (1468 turns).

Borgoz the Cutter (Gargoyle Gladiator)              Turns: 1468, Time: 00:02:39

Health: -7/28      AC: 10    Str: 18    XL:     4   Next: 80%
Magic:  4/4        EV: 11    Int:  9    God:
Gold:   78         SH:  5    Dex: 11    Spells: 3/3 levels left

rFire    . . .     SeeInvis .   a - +0 rapier
rCold    . . .     Gourm    .   o - +2 buckler
rNeg     + . .     Faith    .   g - +0 ring mail
rPois    ∞         Spirit   .   c - +0 helmet
rElec    +         Reflect  .   (no cloak)
rCorr    .         Harm     .   (no gloves)
MR       .....                  (no boots)
Stlth    +.........             (no amulet)
HPRegen  0.09/turn              l - ring of flight
MPRegen  0.09/turn              (no ring)

@: no status effects
A: negative energy resistance 1, electricity resistance, unbreathing,
petrification resistance, rot immunity, AC +3
a: Evoke Flight


You were on level 4 of the Dungeon.
You were not hungry.

You visited 1 branch of the dungeon, and saw 4 of its levels.

You collected 78 gold pieces.

Inventory:

Hand Weapons
 a - a +0 rapier (weapon)
Missiles
 d - 2 throwing nets (quivered)
Armour
 c - a +0 helmet (worn)
 g - a +0 ring mail (worn)
 o - a +2 buckler (worn)
Jewellery
 l - a ring of flight (left hand)
Scrolls
 e - 2 scrolls of identify
 h - 2 scrolls of teleportation {unknown}
 j - a scroll of blinking {unknown}
 k - a scroll of enchant armour {unknown}
 n - 3 scrolls of remove curse
 p - a scroll of fear {unknown}
 q - a scroll of amnesia {unknown}
Potions
 b - a potion of resistance
 i - a potion of might
Comestibles
 f - 4 rations
 m - 3 chunks of flesh


   Skills:
 + Level 3.0 Fighting
 * Level 3.7 Short Blades
 - Level 1.7 Throwing
 + Level 1.8 Armour
 + Level 2.9 Dodging


You had 3 spell levels left.
You didn't know any spells.
Your spell library was empty.

Dungeon Overview and Level Annotations

Branches:
Dungeon (4/15)
 Temple: D:4-7

Altars:


Innate Abilities, Weirdness & Mutations

You are resistant to torment.
Your stone body is resilient. (AC +3)
You are immune to poison.
You resist negative energy. (rN+)
You are resistant to electric shocks. (rElec)
You can survive without breathing.
You are immune to petrification.
You are immune to rotting.


Message History

The goblin closely misses you.
You hit the goblin.
You kill the goblin!
You see here a +0 dagger.
There is a stone staircase leading down here.
You climb downwards.
There is a stone staircase leading up here.
A two-headed ogre comes into view. It is wielding two +0 giant clubs.
The two-headed ogre moves out of view.
Found a scroll of remove curse.
You puncture the two-headed ogre!
The two-headed ogre is lightly wounded.
The two-headed ogre hits you with a +0 giant club.
You block the two-headed ogre's attack.
Some of the chunks of flesh in your inventory have rotted away.
The two-headed ogre hits you with a +0 giant club!!
Ouch! That really hurt!
* * * LOW HITPOINT WARNING * * *
The two-headed ogre hits you with a +0 giant club!
You die...

#. . ..#.# +#...#
....# ##....#
#.....# .........
##.....#..........
##.O#.?.#..........
#+#####.@##
..#..........
#...<##.##
.+......Z...
#..##....#
Z.!........
#.....#.##
.......O..
#.#..####
#......O.. ...#
##.####Z## #...
##..#....# #...
#.....<### #..
...###.##


You could see a two-headed ogre.

Vanquished Creatures
  An iguana (D:3)
  4 adders (D:2)
  An ooze (D:2)
  A worm (D:3)
  2 orcs (D:3)
  A ball python (D:2)
  A giant cockroach (D:2)
  7 goblins
  3 hobgoblins
  7 bats
  2 frilled lizards (D:1)
  5 kobolds
  5 rats
40 creatures vanquished.

Notes
Turn   | Place    | Note
-------+----------+-------------------------------------------
     0 | D:1      | Borgoz the Gargoyle Gladiator began the quest for the Orb.
     0 | D:1      | Reached XP level 1. HP: 12/12 MP: 1/1
   162 | D:1      | Reached XP level 2. HP: 18/18 MP: 2/2
   433 | D:2      | Reached skill level 1 in Armour
   492 | D:2      | Reached XP level 3. HP: 21/22 MP: 3/3
   889 | D:2      | Reached XP level 4. HP: 25/27 MP: 4/4
  1036 | D:3      | HP: 1/27 [iguana (8)]
  1328 | D:4      | Noticed an ogre
  1464 | D:4      | Noticed a two-headed ogre
  1468 | D:4      | Mangled by a two-headed ogre

Levels and vault maps discovered:
D:1:      dpeg_arrival_pits, layout_rooms, serial_glass, glass_columns_a,
          glass_columns_b, glass_columns_c, glass_columns_a, serial_park_tiny_1
D:2:      layout_basic
D:3:      layout_basic
D:4:      layout_basic, kennysheep_mini, serial_shops, nicolae_shop_stone,
          minmay_fractal_squares_gapless_5

Skill      XL: |  1  2  3  4 |
---------------+-------------+-----
Short Blades   | 3 |  3.7
Armour         | 1 |  1.8
Fighting       | 3 |  3.0
Throwing       | |  1.7
Dodging        | |  2.9

Action                   |  1- 3 |  4- 6 || total
-------------------------+-------+-------++-------
Melee: Rapier            |    86 |    56 ||   142
Throw: Throwing net      |       |     3 ||     3
  Use: Potion            |       |     3 ||     3
       Scroll            |       |     2 ||     2
 Stab: Held in net/web   |       |     1 ||     1
  Eat: Chunk             |       |     2 ||     2
Armor: Ring mail         |    35 |    17 ||    52
       Leather armour    |     4 |       ||     4
Dodge: Dodged            |    57 |    28 ||    85
Block: Buckler           |     5 |    13 ||    18

Table legend:
 A = Non-vault XP
 B = Vault XP
 C = Vault XP percentage of total XP
 D = Non-vault monster count
 E = Vault monster count
 F = Vault count percentage of total count
                 A         B        C        D         E       F
            +---------+---------+-------+---------+---------+-------
      Total |     149 |       0 |   0.0 |      40 |       0 |   0.0
            +---------+---------+-------+---------+---------+-------
        D:1 |      13 |       0 |   0.0 |      10 |       0 |   0.0
        D:2 |      78 |       0 |   0.0 |      19 |       0 |   0.0
        D:3 |      58 |       0 |   0.0 |      11 |       0 |   0.0
            +---------+---------+-------+---------+---------+-------
